 Dungeon Crawl Stone Soup version 0.21.1 (webtiles) character file.

7718 Mesmaeker13 the Carver (level 10, 0/100 HPs)
             Began as a Demigod Gladiator on Feb 4, 2018.
             Killed from afar by a molten gargoyle (4 damage)
             ... with a bolt of magma
             ... on level 10 of the Dungeon.
             The game lasted 00:20:06 (11943 turns).

Mesmaeker13 the Carver (Demigod Gladiator)         Turns: 11943, Time: 00:20:07

Health: 0/100      AC: 18    Str: 18 (19) XL:     10   Next: 68%
Magic:  15/15      EV:  9    Int: 11 (14) God:
Gold:   453        SH:  0    Dex: 17 (19) Spells: 9/9 levels left

rFire    + . .     SeeInvis .   F - +3 long sword (freeze)
rCold    x . .     Gourm    .   (no shield)
rNeg     . . .     Faith    .   M - +0 chain mail
rPois    .         Spirit   .   l - +0 helmet
rElec    .         Reflect  .   h - +0 cloak (curse)
rCorr    .         Harm     .   O - +0 pair of gloves
MR       +....                  w - +0 pair of boots
Stlth    ..........             x - amulet of rage
HPRegen  0.26/turn              D - ring of fire
MPRegen  0.14/turn              I - ring of stealth

@: no status effects
A: slimy green scales 1, high mp 1, robust 1, MP-powered wands
a: Evoke Berserk Rage


You were on level 10 of the Dungeon.
You were not hungry.

You visited 1 branch of the dungeon, and saw 10 of its levels.
You also visited: Sewer.

You collected 594 gold pieces.
You spent 141 gold pieces at shops.

Inventory:

Hand Weapons
 r - a +0 blowgun
 t - a +2 dagger of speed
 F - a +3 long sword of freezing (weapon)
Missiles
 u - a throwing net (quivered)
 L - 7 javelins
Armour
 h - a cursed +0 cloak (worn)
 l - a +0 helmet (worn)
 w - a +0 pair of boots (worn)
 M - a +0 chain mail (worn)
 O - a +0 pair of gloves (worn)
Jewellery
 c - an uncursed ring of wizardry
 g - an uncursed ring of protection from cold
 v - an uncursed ring of resist corrosion
 x - an amulet of rage (around neck)
 D - a ring of fire (left hand)
 I - a ring of stealth (right hand)
 R - an uncursed ring of poison resistance {unknown}
Wands
 s - a wand of disintegration (4)
 H - a wand of paralysis (28)
 K - a wand of iceblast (15)
 Q - a wand of flame (38)
Scrolls
 a - a scroll of immolation {unknown}
 b - 4 scrolls of fear
 d - 2 scrolls of identify
 i - 3 scrolls of enchant armour
 j - a scroll of fog {unknown}
 n - 3 scrolls of amnesia
 o - 8 scrolls of teleportation
 G - a scroll of enchant weapon
 J - 2 scrolls of magic mapping {unknown}
Potions
 e - 2 potions of haste {unknown}
 k - a potion of heal wounds
 m - a potion of berserk rage {unknown}
 p - 2 potions of brilliance {unknown}
 z - a potion of degeneration
 A - a potion of resistance {unknown}
 B - a potion of mutation
 C - 3 potions of flight {unknown}
 E - a potion of cancellation {unknown}
 N - a potion of lignification {unknown}
Miscellaneous
 y - a fan of gales
 P - a sack of spiders
Comestibles
 f - 18 rations
 q - 4 chunks of flesh


   Skills:
 + Level 9.0 Fighting
 + Level 9.2 Long Blades
 - Level 1.7 Throwing
 + Level 8.6 Armour
 - Level 3.0 Dodging
 + Level 3.3 Evocations


You had 9 spell levels left.
You didn't know any spells.

Dungeon Overview and Level Annotations

Branches:
Dungeon (10/15)            Temple (0/1) D:4            Lair (0/6) D:10
    Orc: D:9-12

Shops:
D:5 *


Innate Abilities, Weirdness & Mutations

You have an increased reservoir of magic. (+10% MP)
You are partially covered in slimy green scales. (AC +2)
You are robust. (+10% HP)
You expend magic power (3 MP) to strengthen your wands.


Message History

The molten gargoyle is lightly damaged.
The molten gargoyle closely misses you.
You riposte.
You hit the molten gargoyle. You freeze the molten gargoyle.
The molten gargoyle is moderately damaged.
You hit the molten gargoyle but do no damage.
The molten gargoyle is moderately damaged.
You hit the molten gargoyle but do no damage.
The molten gargoyle is moderately damaged.
The molten gargoyle hits you but does no damage.
You slash the molten gargoyle! You freeze the molten gargoyle.
The molten gargoyle is severely damaged.
The molten gargoyle hits you with a morningstar!
* * * LOW HITPOINT WARNING * * *
You are engulfed in flames.
You resist.
* * * LOW HITPOINT WARNING * * *
You hit the molten gargoyle. You freeze the molten gargoyle.
The molten gargoyle is almost destroyed.
The molten gargoyle blasts magma at you!
The bolt of magma hits you! You partially resist.
You die...

#........#..###.# #####.#..).
......###..###.##### #[##.##
......'............# #....#
.....########.###'############
#### #.............#.#.#.
#.#!...#.....#.#.#o#
+....o†.....#.9.o.
#...#9#..).#..§≈§
#...#@#.....# ≈
#...#.#....#.§≈≈88
#...#.##+##.#§≈≈88 ### #.#
#.§≈≈≈≈ #.# #.§≈§§ #.# .. ..
#.. #. . ### #.


You could see a molten gargoyle and an orc.

Vanquished Creatures
  A two-headed ogre (D:7)
  A molten gargoyle (D:10)
  Prince Ribbit (D:9)
  4 hippogriffs
  A spriggan (D:8)
  3 yaks (D:9)
  The ghost of JeronimusCornelisz the Chopper, an amateur MiBe of Trog (D:4)
  2 steam dragons (D:10)
  A water moccasin (D:6)
  An ice beast (D:8)
  Purgy (Sewer)
  5 orc warriors
  4 sky beasts
  A phantom (D:7)
  A black bear (D:10)
  4 necrophages
  The ghost of deszczowiec the Magician, an amateur DrWz of Wu Jian (D:3)
  4 ogres
  3 centaurs
  5 bullfrogs
  A scorpion (D:5)
  11 killer bees
  4 wights
  A howler monkey (D:5)
  3 crimson imps (D:8)
  4 hounds
  4 bullfrog skeletons
  3 jellies
  4 orc priests
  14 orc wizards
  5 iguanas
  6 worker ants
  A hound zombie (D:5)
  A hound skeleton (D:5)
  A worker ant zombie (D:5)
  A howler monkey zombie (D:5)
  4 gnolls (D:8)
  13 adders
  2 shadow imps
  An ooze (D:7)
  2 adder zombies
  An adder skeleton (D:5)
  4 worms
  A dart slug (D:1)
  5 leopard geckos
  48 orcs
  4 giant cockroaches
  7 goblins
  10 hobgoblins
  10 jackals
  11 kobolds
  2 quokkas
  2 ball pythons
  4 bats
  3 frilled lizards
  4 jackal skeletons
  A quokka skeleton (D:2)
  A quokka zombie (D:8)
  5 rats
254 creatures vanquished.

Notes
Turn   | Place    | Note
-------+----------+-------------------------------------------
     0 | D:1      | Mesmaeker13 the Demigod Gladiator began the quest for the Orb.
     0 | D:1      | Reached XP level 1. HP: 17/17 MP: 3/3
   640 | D:1      | Reached XP level 2. HP: 24/24 MP: 4/4
  1105 | D:2      | Found an ancient bone altar of Kikubaaqudgha.
  1153 | D:2      | Reached XP level 3. HP: 25/30 MP: 5/5
  1317 | D:2      | Reached skill level 1 in Armour
  2156 | D:2      | Found a shattered altar of Ashenzari.
  2156 | D:2      | Found a stormy altar of Qazlal.
  2328 | D:3      | Reached XP level 4. HP: 36/37 MP: 6/6
  2360 | D:3      | Noticed deszczowiec's ghost (amateur DrWz)
  2410 | D:3      | Killed deszczowiec's ghost
  2410 | D:3      | Reached XP level 5. HP: 15/45 MP: 7/7
  3397 | D:4      | Found a staircase to the Ecumenical Temple.
  3491 | D:4      | Found an ornate altar of the Wu Jian Council.
  3697 | D:4      | Noticed JeronimusCornelisz's ghost (amateur MiBe)
  3718 | D:5      | Entered Level 5 of the Dungeon
  3901 | D:5      | Reached XP level 6. HP: 19/52 MP: 8/8
  4199 | D:5      | Found Jihoca's Assorted Antiques.
  4558 | D:5      | Found a basalt altar of Yredelemnul.
  4560 | D:5      | Noticed a profane servitor
  4567 | D:5      | Found a glowing golden altar of the Shining One.
  4569 | D:5      | Noticed an angel
  4619 | D:5      | Reached XP level 7. HP: 50/60 MP: 9/9
  4637 | D:5      | Reached skill level 5 in Long Blades
  4980 | D:6      | Found a glowing drain.
  5015 | Sewer    | Entered a sewer
  5069 | Sewer    | Noticed Purgy
  5077 | Sewer    | Killed Purgy
  5077 | Sewer    | Reached skill level 5 in Fighting
  6050 | D:6      | Reached XP level 8. HP: 34/69 MP: 10/10
  6083 | D:6      | Reached skill level 5 in Armour
  6349 | D:6      | Found a shattered altar of Ashenzari.
  6710 | D:7      | Noticed a two-headed ogre
  6811 | D:7      | Noticed a hippogriff
  6814 | D:7      | HP: 3/70 [two-headed ogre/giant club (4)]
  7018 | D:7      | Found an opulent altar of Gozag.
  7186 | D:7      | Killed a hippogriff
  7555 | D:7      | Killed a two-headed ogre
  7555 | D:7      | Reached XP level 9. HP: 79/79 MP: 11/11
  7997 | D:5      | Bought a pink potion for 21 gold pieces
  7997 | D:5      | Bought a tubular opal ring for 120 gold pieces
  8020 | D:4      | Killed JeronimusCornelisz's ghost
  8932 | D:8      | Reached XP level 10. HP: 59/88 MP: 13/13
  9130 | D:8      | Found a bloodstained altar of Trog.
  9690 | D:9      | Reached skill level 1 in Evocations
  9750 | D:9      | Noticed Prince Ribbit
  9759 | D:9      | Killed Prince Ribbit
 10530 | D:10     | Entered Level 10 of the Dungeon
 11056 | D:10     | Found a staircase to the Lair.
 11934 | D:10     | Gained mutation: You expend magic power (3 MP) to strengthen your wands. [potion of mutation]
 11934 | D:10     | Gained mutation: You are partially covered in slimy green scales. (AC +2) [potion of mutation]
 11934 | D:10     | Gained mutation: You are robust. (+10% HP) [potion of mutation]
 11942 | D:10     | HP: 4/100 [molten gargoyle/morningstar (5)]
 11943 | D:10     | Killed from afar by a molten gargoyle

Skill      XL: |  1  2  3  4  5  6  7  8  9 10 |
---------------+-------------------------------+-----
Fighting       | 2 3 4 5 7 8 9 |  9.0
Dodging        | 3 |  3.0
Long Blades    | 3 4 5 7 8 9 |  9.2
Armour         | 1 2 3 4 6 7 8 |  8.6
Evocations     | 3 |  3.3
Throwing       | |  1.7

Action                   |  1- 3 |  4- 6 |  7- 9 | 10-12 || total
-------------------------+-------+-------+-------+-------++-------
Melee: Long sword        |   150 |   160 |   368 |   273 ||   951
Throw: Throwing net      |     3 |       |     2 |       ||     5
 Abil: Evoke Berserk Rag |       |       |     1 |       ||     1
Evoke: Wand              |       |       |    16 |     2 ||    18
  Use: Scroll            |     2 |     4 |     4 |       ||    10
       Potion            |       |       |     3 |     3 ||     6
 Stab: Sleeping          |     3 |       |     2 |       ||     5
       Held in net/web   |     2 |       |     2 |       ||     4
       Paralysed         |       |       |       |     1 ||     1
  Eat: Chunk             |     5 |     4 |    15 |    10 ||    34
       Ration            |       |     1 |       |       ||     1
Armor: Leather armour    |    28 |       |       |       ||    28
       Scale mail        |       |    83 |   176 |    33 ||   292
       Chain mail        |       |       |       |    69 ||    69
Dodge: Dodged            |   110 |   105 |   201 |   104 ||   520
       Rpst.: Long sword |    40 |    33 |    64 |    29 ||   166
